 Dungeon Crawl Stone Soup version 0.24-a0-279-ga7546fe674 (webtiles) character file.

Game seed: 17027781261205508855

52 JoanKharjo the Shooter (level 3, -2/23 HPs)
             Began as a Demonspawn Arcane Marksman on May 1, 2019.
             Was an Initiate of Hepliaklqana.
             Slain by an orc wizard
             ... wielding a +0 dagger
              (4 damage)
             ... on level 3 of the Dungeon.
             The game lasted 00:04:58 (1236 turns).

JoanKharjo the Shooter (Demonspawn Arcane Marksman) Turns: 1236, Time: 00:04:59

Health: -2/23      AC:  3    Str: 10    XL:     3   Next: 60%
Magic:  4/4        EV: 13    Int: 15    God:    Hepliaklqana [......]
Gold:   66         SH:  0    Dex: 13    Spells: 0/4 levels left

rFire    + . .     SeeInvis .   n - +0 whip
rCold    x . .     Gourm    .   (no shield)
rNeg     . . .     Faith    .   e - +0 robe
rPois    .         Spirit   .   i - +0 helmet
rElec    .         Reflect  .   (no cloak)
rCorr    .         Harm     .   (no gloves)
MR       .....                  (no boots)
Stlth    +.........             g - amulet of regeneration
HPRegen  0.47/turn              l - ring of fire
MPRegen  0.09/turn              o - +1 ring of evasion

@: no status effects
A: reduced essence, hooves 1
a: Recall Ancestor, Ancestor Identity, Renounce Religion


You were on level 3 of the Dungeon.
You worshipped Hepliaklqana.
Hepliaklqana was noncommittal.
You were not hungry.

You visited 1 branch of the dungeon, and saw 3 of its levels.

You collected 66 gold pieces.

Inventory:

Hand Weapons
 a - a +0 shortbow
 n - a +0 whip (weapon)
Missiles
 d - 42 arrows
Armour
 e - a +0 robe (worn)
 i - a +0 helmet (worn)
Jewellery
 g - an amulet of regeneration (around neck)
 l - a ring of fire (left hand)
 o - a +1 ring of evasion (right hand)
Scrolls
 b - 3 scrolls of identify {unknown}
 h - a scroll of remove curse {unknown}
 j - a scroll of magic mapping {unknown}
 m - a scroll of immolation {unknown}
Potions
 c - a potion of flight {unknown}
 k - 2 potions of might {unknown}
 p - a potion of degeneration {unknown}
 q - a potion of curing {unknown}
 r - a potion of heal wounds {unknown}
Comestibles
 f - 3 rations


   Skills:
 - Level 1.0 Fighting
 + Level 3.6 Bows
 - Level 1.7 Dodging
 - Level 1.0 Spellcasting
 - Level 3.0 Hexes


You couldn't memorise any spells.
You knew the following spells:

 Your Spells              Type           Power        Failure   Level  Hunger
a - Corona                Hex            #......      7%          1    ##.....
b - Inner Flame           Hex/Fire       #.......     36%         3    ####...

Your spell library contained the following spells:

 Spells                   Type           Power        Failure   Level  Hunger
 Slow                     Hex            #.......     11%         2    ###....
 Portal Projectile        Hex/Tloc       #.....       36%         3    ####...
 Cause Fear               Hex            #.........   56%         4    #####..
 Leda's Liquefaction      Hex/Erth       #.........   78%         4    #####..


Dungeon Overview and Level Annotations

Branches:
Dungeon (3/15)

Altars:
Elyvilon
Hepliaklqana
Okawaru
Qazlal
Trog
Yredelemnul


Innate Abilities, Weirdness & Mutations

You have large cloven feet.
Your life essence is reduced to manifest your ancestor. (-10% HP)


Message History

The orc wizard casts a spell at you. The puff of frost hits you!
You feel a terrible chill!
You hit the orc wizard but do no damage.
Your kick misses the orc wizard.
The orc wizard is heavily wounded.
The orc wizard hits GetLucky but does no damage.
GetLucky hits the orc wizard but does no damage.
You closely miss the orc wizard.
The orc wizard is heavily wounded.
The orc wizard hits you with a +0 dagger.
* * * LOW HITPOINT WARNING * * *
GetLucky barely misses the orc wizard.
The orc wizard misses you.
You hit the orc wizard.
The orc wizard is severely wounded.
The orc wizard points at you and mumbles some strange words.
The puff of flame hits you. You resist.
* * * LOW HITPOINT WARNING * * *
GetLucky hits the orc wizard.
The orc wizard hits you with a +0 dagger.
You die...

#........^.
#..........
########..........
#.........#..##.##
#.#######.#..#.###
#.# #.#†.#. # #.#
#.##.#.### #.#
#.##.##.## #@###
#.##......


#Roo# ..#####<#. ###)# #.## .# #.# .# #.# .# #.# .# #.# .# #.# .# #.. You could
see the friendly GetLucky the ancestor, an orc wizard and an orc.

Vanquished Creatures
  An adder (D:2)
  A worm (D:2)
  2 dart slugs
  2 leopard geckos (D:1)
  4 bats
  2 giant cockroaches
  A goblin (D:3)
  5 hobgoblins
  A ball python (D:1)
  A frilled lizard (D:2)
  2 kobolds
  9 rats (D:1)
31 creatures vanquished.

Vanquished Creatures (collateral kills)
  An orc (D:3)
  A giant cockroach (D:3)
  A bat (D:3)
3 creatures vanquished.

Grand Total: 34 creatures vanquished

Notes
Turn   | Place    | Note
-------+----------+-------------------------------------------
     0 | D:1      | JoanKharjo the Demonspawn Arcane Marksman began the quest
                  | for the Orb.
     0 | D:1      | Reached XP level 1. HP: 15/15 MP: 2/2
   300 | D:1      | Gained mutation: You have large cloven feet. [demonic
                  | ancestry]
   300 | D:1      | Reached XP level 2. HP: 13/21 MP: 1/3
   747 | D:2      | Found an iron altar of Okawaru.
   768 | D:2      | Found a bloodstained altar of Trog.
   811 | D:2      | Reached XP level 3. HP: 9/26 MP: 1/4
   841 | D:2      | Learned a level 3 spell: Inner Flame
   958 | D:2      | Found a stormy altar of Qazlal.
   958 | D:2      | Found a hazy altar of Hepliaklqana.
   966 | D:2      | Found a basalt altar of Yredelemnul.
   971 | D:2      | Became a worshipper of Hepliaklqana the Forgotten
   974 | D:2      | Found a white marble altar of Elyvilon.
   976 | D:2      | Found a faded altar of an unknown god.
  1236 | D:3      | Slain by an orc wizard

Levels and vault maps discovered:
D:1:      dpeg_arrival_arbitrary_c, layout_basic, minmay_rat_gold_closets
D:2:      layout_rooms, chequers_temple_overflow_minitemple,
          lightli_temple_of_fire, okawaru_trees_2
D:3:      layout_loops_ring, first_ration, minmay_checkerbox

Skill      XL: |  1  2 |
---------------+-------+-----
Bows           | 2 3 |  3.6
Fighting       | |  1.0
Dodging        | |  1.7
Spellcasting   | |  1.0
Hexes          | |  3.0

Action                   || total
-------------------------++-------
Melee: Unarmed           ||    66
       Whip              ||    66
       Kick              ||    19
       Club              ||     6
 Cast: Corona            ||    12
Invok: Ancestor Identity ||     1
  Eat: Chunk             ||     2
Armor: Robe              ||    27
Dodge: Dodged            ||    88

Table legend:
 A = Non-vault XP
 B = Vault XP
 C = Vault XP percentage of total XP
 D = Non-vault monster count
 E = Vault monster count
 F = Vault count percentage of total count
                 A         B        C        D         E       F
            +---------+---------+-------+---------+---------+-------
      Total |      66 |       9 |  12.0 |      25 |       9 |  26.5
            +---------+---------+-------+---------+---------+-------
        D:1 |      18 |       9 |  33.3 |       8 |       9 |  52.9
        D:2 |      38 |       0 |   0.0 |      12 |       0 |   0.0
        D:3 |      10 |       0 |   0.0 |       5 |       0 |   0.0
            +---------+---------+-------+---------+---------+-------
